AoeStats
← Admar

Arena

506006553Analyzed
4v4 RM · 21d ago on Sep 12, 2026· 63m 43s· 8 players
Game mode
Random Map
Map size
Large (8 player)
Population
200
Speed
Normal
Resources
Standard
Victory
Conquest
Starting age
Dark Age
Ending age
Imperial Age
RankedLock teamsTeams togetherTeam positionsShared explorationLock speedFull tech treeHidden civsTurbo modeCheats
Victory
Defeat
🇺🇸 Italians · United States
1018
+11
🇧🇷 Aztecs · Brazil
940
+14
🇲🇽 Mongols · Mexico
807
+20
🇲🇽 Burgundians · Mexico
783
+21
🇲🇽 Portuguese · Mexico
933
-18
🇮🇳 Teutons · India
902
-17
🇦🇷 Khmer · Argentina
891
-16
🇨🇭 Khmer · Switzerland
853
-15
DaHimbeertoni
13:08 Feudal Age
16:10 Castle Age
14:08 Double-Bit Axe
14:20 Horse Collar
19:37 Bow Saw
19:50 Heavy Plow
20:27 Gold Mining
20:28 Stone Mining
21:03 Loom
22:21 Gold Shaft Mining
22:21 Stone Shaft Mining
25:34 Scale Barding Armor
25:39 Forging
25:49 Scale Mail Armor
27:01 Light Cavalry
27:41 Husbandry
28:28 Bloodlines
28:51 Chain Mail Armor
29:20 Caravan
30:29 Iron Casting
31:35 Chain Barding Armor
31:06 Fletching
36:52 Padded Archer Armor
36:47 Bodkin Arrow
37:16 Ballistics
36:46 Guard Tower
39:06 Pikeman
39:37 Arson
41:08 Wheelbarrow
43:54 Imperial Age
43:01 Fortified Wall
44:00 Heavy Scorpion
46:05 Double Crossbow
47:20 Plate Barding Armor
51:32 Blast Furnace
50:33 Bracer
sinister is maveric
5:26 Loom
11:03 Feudal Age
16:57 Castle Age
15:21 Double-Bit Axe
15:59 Gold Mining
18:23 Scale Barding Armor
20:31 Horse Collar
24:42 Wheelbarrow
23:56 Town Watch
28:52 Imperial Age
26:50 Bloodlines
28:00 Bow Saw
28:05 Masonry
28:29 Stone Mining
29:17 Fortified Wall
29:47 Forging
29:58 Chain Barding Armor
29:01 Cavalier
31:01 Hand Cart
31:13 Paladin
32:35 Iron Casting
32:28 Heavy Plow
34:02 Plate Barding Armor
34:28 Blast Furnace
35:13 Capped Ram
diossnefru1
0:27 Loom
10:55 Feudal Age
12:21 Wheelbarrow
11:34 Double-Bit Axe
11:32 Horse Collar
13:14 Gold Mining
21:34 Castle Age
19:43 Stone Mining
22:58 Bow Saw
22:51 Heavy Plow
23:16 Hand Cart
28:20 Imperial Age
28:03 Caravan
30:24 Chemistry
30:12 Conscription
30:58 Treadmill Crane
31:14 Fletching
31:25 Padded Archer Armor
35:29 Two-Man Saw
36:19 Arquebus
38:25 Pikeman
38:50 Arson
48:39 Elite Organ Gun
50:45 Halberdier
Admar
0:30 Loom
13:07 Feudal Age
16:25 Castle Age
14:20 Double-Bit Axe
14:47 Gold Mining
18:02 Bow Saw
18:36 Fervor
19:50 Wheelbarrow
29:55 Imperial Age
27:48 Stone Mining
28:05 Pikeman
31:51 Hand Cart
32:05 Horse Collar
32:41 Town Watch
34:00 Chemistry
32:28 Halberdier
34:00 Fortified Wall
34:10 Arson
34:54 Conscription
35:14 Bloodlines
35:55 Gold Shaft Mining
35:05 Capped Ram
36:39 Stone Shaft Mining
37:43 Heavy Scorpion
38:25 Double Crossbow
39:05 Cavalier
39:45 Husbandry
41:08 Scale Mail Armor
41:19 Forging
41:16 Siege Engineers
41:22 Masonry
41:07 Murder Holes
41:38 Elite Ballista Elephant
42:53 Hoardings
42:23 Man-at-Arms
45:36 Siege Ram
47:31 Scale Barding Armor
47:42 Chain Mail Armor
48:02 Iron Casting
48:02 Architecture
48:20 Long Swordsman
50:38 Light Cavalry
51:49 Chain Barding Armor
52:13 Two-Handed Swordsman
54:11 Town Patrol
ChewedGizmo
9:56 Feudal Age
16:44 Castle Age
15:12 Stone Mining
16:14 Fletching
16:25 Padded Archer Armor
17:08 Double-Bit Axe
18:20 Bodkin Arrow
25:30 Ballistics
27:02 Silk Road
29:09 Caravan
30:15 Gold Mining
31:26 Stone Shaft Mining
34:31 Imperial Age
35:10 Thumb Ring
36:21 Chemistry
35:26 Elite Genoese Crossbowman
36:29 Leather Archer Armor
36:59 Bow Saw
40:20 Bracer
40:51 Ring Archer Armor
53:37 Squires
53:22 Arson
54:46 Forging
54:37 Scale Mail Armor
56:02 Iron Casting
mau.mnry
11:57 Feudal Age
17:09 Castle Age
15:39 Double-Bit Axe
18:42 Loom
19:21 Horse Collar
19:58 Bow Saw
20:25 Gold Mining
24:02 Gold Shaft Mining
29:12 Wheelbarrow
30:40 Fortified Wall
32:29 Man-at-Arms
35:53 Imperial Age
35:06 Long Swordsman
37:17 Capped Ram
37:29 Two-Handed Swordsman
38:19 Champion
41:14 Scale Mail Armor
41:24 Forging
41:44 Siege Ram
43:20 Drill
44:48 Nomads
44:56 Pikeman
46:23 Hand Cart
50:52 Heavy Plow
58:25 Town Watch
61:34 Onager
joseabrojo
0:29 Loom
10:53 Double-Bit Axe
12:45 Feudal Age
17:47 Castle Age
17:41 Bow Saw
17:12 Horse Collar
17:36 Stone Mining
18:58 Cavalier
21:31 Forging
24:59 Husbandry
26:16 Wheelbarrow
25:55 Fletching
31:03 Light Cavalry
32:04 Hand Cart
33:30 Heavy Plow
33:23 Gold Mining
35:37 Scale Barding Armor
36:10 Iron Casting
39:31 Imperial Age
46:03 Crop Rotation
46:35 Two-Man Saw
48:08 Hussar
59:21 Conscription
59:46 Burgundian Vineyards
62:08 Town Watch
63:19 Paladin
Jairzin
12:26 Feudal Age
13:07 Double-Bit Axe
13:08 Horse Collar
17:36 Castle Age
15:37 Stone Mining
19:04 Bow Saw
18:58 Heavy Plow
24:42 Loom
27:14 Wheelbarrow
27:01 Gold Mining
28:39 Hand Cart
32:41 Imperial Age
31:29 Gold Shaft Mining
31:30 Stone Shaft Mining
31:26 Forging
32:01 Scale Mail Armor
31:53 Fletching
31:52 Arson
33:05 Elite Jaguar Warrior
35:49 Garland Wars
35:50 Conscription
36:00 Siege Engineers
35:47 Heated Shot
36:19 Ballistics
36:39 Iron Casting
36:21 Chain Mail Armor
38:26 Blast Furnace
37:57 Plate Mail Armor
40:16 Pikeman
40:57 Squires
Connection lost

Rejoining the realm…

Still unreachable

The connection could not be restored.

Session expired

The server has moved on; the page needs a fresh start.